 Dungeon Crawl Stone Soup version 0.28.0 (webtiles) character file.

Game seed: 4245243558371506249

801 SnakkuSnakku7 the Magician (level 8, -1/54 HPs)
             Began as a Djinni Gladiator on Feb 10, 2022.
             Slain by a bullfrog skeleton (5 damage)
             ... on level 5 of the Dungeon.
             The game lasted 00:06:17 (5398 turns).

SnakkuSnakku7 the Magician (Djinni Gladiator)       Turns: 5398, Time: 00:06:17

Health: -1/54      AC:  4    Str: 13    XL:     8   Next: 14%
Gold:   194        EV: 12    Int: 11    God:
                   SH:  0    Dex: 16

rFire   + + .      SeeInvis .   a - +0 quarterstaff
rCold   x . .      Faith    .   (shield currently unavailable)
rNeg    . . .      Spirit   .   g - +0 leather armour
rPois   ∞          Reflect  .   c - +0 helmet
rElec   .          Harm     .   (no cloak)
rCorr   .          Rampage  .   (no gloves)
Will    .....                   (boots unavailable)
Stlth   +.........              (no amulet)
HPRegen 0.18/turn               (no ring)
MPRegen 0.00/turn               (no ring)

@: flying
A: sickness immunity, fire resistance 2, cold vulnerability 1, float, innate
caster, HP casting, extra vitality 1
a: no special abilities


You were on level 5 of the Dungeon.
You visited 1 branch of the dungeon, and saw 5 of its levels.
You also visited: Sewer.

You collected 194 gold pieces.

Inventory:

Hand Weapons
 a - a +0 quarterstaff (weapon)
 b - a +1 dagger of venom
 u - a +0 broad axe
Missiles
 d - 3 throwing nets
Armour
 c - a +0 helmet (worn)
 e - a +0 robe of resistance
 g - a +0 leather armour (worn)
Jewellery
 s - an amulet of faith
Scrolls
 h - 2 scrolls of immolation {unknown}
 i - 3 scrolls of magic mapping
 k - 5 scrolls of teleportation {unknown}
 m - a scroll of silence {unknown}
 o - a scroll of blinking
 t - a scroll of fog {unknown}
 w - a scroll of fear {unknown}
 x - a scroll of summoning {unknown}
 y - a scroll of holy word {unknown}
Potions
 f - 2 potions of flight {unknown}
 j - 2 potions of heal wounds {unknown}
 l - a potion of curing
 n - a potion of might {unknown}
 p - a potion of cancellation
 q - a potion of attraction {unknown}
 r - a potion of haste {unknown}
 v - 2 potions of mutation {unknown}
 z - a potion of invisibility {unknown}


   Skills:
 - Level 2.0 Fighting
 - Level 2.6 Staves
 - Level 1.5 Throwing
 - Level 3.2 Dodging
 + Level 6.4 Spellcasting


You had 13 spell levels left.
You knew the following spells:

 Your Spells              Type           Power      Damage    Failure   Level
a - Magic Dart            Conj           68%        1d6       1%          1
b - Wereblood             Tmut           17%        N/A       2%          2
c - Tukima's Dance        Hex            17%        N/A       4%          3
Your spell library was empty.

Dungeon Overview and Level Annotations

Branches:
Dungeon (5/15)              Sewer (visited)
 Temple: D:4-7

Altars:
Yredelemnul


Innate Abilities, Weirdness & Mutations

You are immune to sickness and miasma.
You are immune to poison.
Your flesh is very heat resistant. (rF++)
You are vulnerable to cold. (rC-)
You float through the air rather than walking.
You learn spells naturally, not from books.
Your magical power is your life essence.
You have superior vitality. (+4 MHP)


Message History

The withered plant crumbles away.
The steam dragon bites you!
The steam dragon claws you but does no damage.
You are too injured to fight recklessly!
You are too injured to fight recklessly!
The steam dragon breathes steam at you. The ball of steam hits you. You resist.
* * * LOW HITPOINT WARNING * * *
You kill the steam dragon!
You have reached level 8!
You feel agile.
Your +1 dagger of venom stops dripping with poison.
a - a +0 quarterstaff (weapon)
The bullfrog skeleton barely misses you.
You barely miss the bullfrog skeleton. The bullfrog skeleton hits you.
* * * LOW HITPOINT WARNING * * *
You hit the bullfrog skeleton.
The bullfrog skeleton is lightly damaged.
The bullfrog skeleton hits you but does no damage.
The bullfrog skeleton hits you.
* * * LOW HITPOINT WARNING * * *
You hit the bullfrog skeleton.
The bullfrog skeleton is moderately damaged.
The bullfrog skeleton barely misses you.
You hit the bullfrog skeleton.
The bullfrog skeleton is heavily damaged.
The bullfrog skeleton hits you.
* * * LOW HITPOINT WARNING * * *
The bullfrog skeleton hits you but does no damage.
You thump the bullfrog skeleton!
The bullfrog skeleton is severely damaged.
The bullfrog skeleton closely misses you.
You hit the bullfrog skeleton.
The bullfrog skeleton is severely damaged.
The bullfrog skeleton hits you.
* * * LOW HITPOINT WARNING * * *
The bullfrog skeleton hits you but does no damage.
You hit the bullfrog skeleton but do no damage.
The bullfrog skeleton is severely damaged.
The bullfrog skeleton hits you.
You die...

,*,,* #.#...,,,,,*,*,****
,#,,* #.#..,,,.,,...,,,,*
,#.,****#.#.#####(,#.#,**,*
.#.,,,,,,....(.,..,#.#,**,*
.##.######..####.D.#.#,**,*
[##.#..............#.#,**,*
............###**,,..#,**,*
.##.#.####....######.#,#*,*
.#*,#.# #......@Z...#.#*,*
.##+#.####..#........#.#*,*
PP....................P##.*
..........................*
.P...######..........8.###*
...P.##.........##..8..#
..#'###.........##.#####
.##.# #.........##.# ..#.#
#......[..##.#


You could see a bullfrog skeleton.

Vanquished Creatures
  A steam dragon (D:5)
  2 bullfrogs (Sewer)
  2 water moccasin zombies (D:5)
  2 centaur zombies (D:5)
  A crimson imp (D:4)
  2 hounds
  A centaur skeleton (D:3)
  Jessica (D:2)
  A scorpion zombie (D:5)
  A hound skeleton (D:5)
  3 gnolls (D:3)
  6 adders
  A white imp (D:4)
  An adder zombie (D:5)
  2 worms
  15 ball pythons
  7 endoplasms
  11 giant cockroaches
  5 goblins
  7 hobgoblins
  4 kobolds
  5 quokkas
  A bat (D:2)
  5 frilled lizards
  9 rats
96 creatures vanquished.

Vanquished Creatures (others)
  2 withered plants (D:5)
2 creatures vanquished.

Grand Total: 98 creatures vanquished

Notes
Turn   | Place    | Note
-------+----------+-------------------------------------------
     0 | D:1      | SnakkuSnakku7 the Djinni Gladiator began the quest for the
                  | Orb.
     0 | D:1      | Reached XP level 1. HP: 18/18 MP: 0/0
   443 | D:1      | Reached skill level 1 in Spellcasting
   443 | D:1      | Reached XP level 2. HP: 23/23 MP: 0/0
   646 | D:2      | Found a faded altar of an unknown god.
  1349 | D:3      | Reached XP level 3. HP: 18/28 MP: 0/0
  1349 | D:3      | Learned a level 1 spell: Magic Dart
  1359 | D:3      | Reached skill level 2 in Spellcasting
  1685 | D:3      | Reached XP level 4. HP: 29/33 MP: 0/0
  2477 | D:2      | Noticed Jessica
  2486 | D:2      | Killed Jessica
  2487 | D:2      | Reached skill level 3 in Spellcasting
  2487 | D:2      | Reached XP level 5. HP: 28/38 MP: 0/0
  2487 | D:2      | Learned a level 2 spell: Wereblood
  3515 | D:4      | Reached skill level 4 in Spellcasting
  3515 | D:4      | Reached XP level 6. HP: 40/43 MP: 0/0
  4198 | D:5      | Entered Level 5 of the Dungeon
  4276 | D:5      | Found a basalt altar of Yredelemnul.
  4356 | D:5      | Reached XP level 7. HP: 9/49 MP: 0/0
  4356 | D:5      | Learned a level 3 spell: Tukima's Dance
  4368 | D:5      | Reached skill level 5 in Spellcasting
  4578 | D:5      | Found a glowing drain.
  4586 | Sewer    | Entered a sewer
  4873 | Sewer    | HP: 3/73 [bullfrog (4)]
  5360 | D:5      | Reached skill level 6 in Spellcasting
  5374 | D:5      | Noticed a steam dragon
  5390 | D:5      | Killed a steam dragon
  5391 | D:5      | Reached XP level 8. HP: 16/54 MP: 0/0
  5398 | D:5      | Slain by a bullfrog skeleton

Illustrated notes

Levels and vault maps discovered:
D:1:      lightli_arrival_lavapool, layout_basic, chequers_serial_rivers_micro_e
D:2:      layout_basic, shapermc_ecumenical_altar_venn,
          minmay_misc_feat_pillars, dk_vineyard_1, minmay_misc_feat_diagonals,
          st_stairs_3, kennysheep_jessica_study
D:3:      layout_loops_ring
D:4:      layout_basic, st_stairs_8, serial_park_tiny_1, minmay_fire_ice_demons
D:5:      layout_basic, mainiacjoe_overflow_paths, portal_sewer_entry_e,
          serial_undead, serial_undead_f, serial_undead_c, serial_undead_f,
          serial_undead_e, serial_undead_f, serial_undead_e, serial_undead_b,
          serial_undead_a, serial_shops, nicolae_diamond_shop,
          nicolae_shop_window_shopping

Skill      XL: |  1  2  3  4  5  6  7 |
---------------+----------------------+-----
Spellcasting   | 1 2 3 4 6 |  6.4
Fighting       | |  2.0
Staves         | |  2.6
Throwing       | |  1.5
Dodging        | |  3.2

Action                   |  1- 3 |  4- 6 |  7- 9 || total
-------------------------+-------+-------+-------++-------
Melee: Dagger            |    48 |   155 |    91 ||   294
       Quarterstaff      |     6 |    28 |    46 ||    80
Throw: Throwing net      |       |     1 |       ||     1
 Cast: Magic Dart        |       |    14 |       ||    14
  Use: Potion            |       |       |     4 ||     4
       Scroll            |       |       |     3 ||     3
 Stab: Sleeping          |       |     2 |       ||     2
Armor: Leather armour    |    19 |    55 |    47 ||   121
Dodge: Dodged            |    31 |   101 |    98 ||   230
